 Dungeon Crawl Stone Soup version 0.22.1-6-g1668fe2 (webtiles) character file.

454 Kairos the Cudgeler (level 7, -3/36 HPs)
             Began as a Vine Stalker Fighter on Jan 16, 2019.
             Slain by an unseen horror (8 damage)
             ... on level 7 of the Dungeon.
             The game lasted 00:05:48 (2773 turns).

Kairos the Cudgeler (Vine Stalker Fighter)          Turns: 2773, Time: 00:05:49

Health: -3/36      AC:  8    Str: 23    XL:     7   Next: 5%
Magic:  0/8        EV:  8    Int:  8    God:
Gold:   258        SH:  9    Dex:  9    Spells: 6/6 levels left

rFire    + . .     SeeInvis .   a - +0 flail
rCold    . . .     Gourm    .   c - +0 shield
rNeg     . . .     Faith    .   b - +0 scale mail
rPois    .         Spirit   +   (helmet restricted)
rElec    .         Reflect  .   n - +0 cloak
rCorr    .         Harm     .   (no gloves)
MR       .....                  (no boots)
Stlth    ..........             (no amulet)
HPRegen  0.52/turn              j - +2 ring of strength
MPRegen  0.11/turn              q - ring of protection from fire

@: no status effects
A: fangs 2, horns 1, clumsy 2, regeneration 1, evolution 1, magic shield,
antimagic bite, no potion heal 3, rot immunity
a: no special abilities


You were on level 7 of the Dungeon.
You were not hungry.

You visited 1 branch of the dungeon, and saw 5 of its levels.
You also visited: Sewer.

You collected 258 gold pieces.

Inventory:

Hand Weapons
 a - a +0 flail (weapon)
Armour
 b - a +0 scale mail (worn)
 c - a +0 shield (worn)
 n - a +0 cloak (worn)
Jewellery
 j - a +2 ring of strength (left hand)
 p - an uncursed ring of positive energy
 q - a ring of protection from fire (right hand)
Wands
 t - a wand of random effects (28)
Scrolls
 g - a scroll of immolation
 i - a scroll of fog
 u - a scroll of amnesia {unknown}
 w - a scroll of identify
Potions
 d - 2 potions of might
 e - a potion of mutation
 h - a potion of lignification
 k - 3 potions of flight {unknown}
 l - 2 potions of haste {unknown}
 m - a potion of berserk rage {unknown}
 o - a potion of cancellation {unknown}
 r - a potion of degeneration {unknown}
 v - a potion of ambrosia {unknown}
Comestibles
 f - 10 rations


   Skills:
 + Level 3.6 Fighting
 + Level 4.3 Maces & Flails
 + Level 3.4 Armour
 + Level 1.3 Dodging
 + Level 0.4 Stealth
 + Level 3.9 Shields


You had 6 spell levels left.
You didn't know any spells.
Your spell library was empty.

Dungeon Overview and Level Annotations

Branches:
Dungeon (4/15)
 Temple: D:4-7

Altars:
Nemelex Xobeh
Ru
Vehumet

Annotations:
D:3 2 transporters


Innate Abilities, Weirdness & Mutations

You have extremely sharp teeth.
Your natural rate of healing is unusually fast.
When hurt, damage is shared between your health and your magic reserves.
Your bite disrupts and absorbs the magic of your enemies.
Potions cannot restore your health.
You are immune to rotting.
You have a pair of small horns on your head.
You are very clumsy. (Dex -4)
You evolve.


Message History

As you read the scroll labeled HAAFAA AROOSS, it crumbles to dust.
You assume a fearsome visage.
The orc looks frightened!
The scorpion looks frightened!
The orc looks frightened!
It was a scroll of fear.
Something hits you.
* * * LOW HITPOINT WARNING * * *
Something hits you but does no damage. x2
You block something's attack. Something hits you.
* * * LOW HITPOINT WARNING * * *
Something hits you but does no damage. Something hits you but does no damage.
Something hits you.
* * * LOW HITPOINT WARNING * * *
You open the door. Something hits you but does no damage.
There is an open door here.
Something hits you.
* * * LOW HITPOINT WARNING * * *
An adder comes into view.
The adder hisses angrily.
Something hits you!
You die...

... #.# #.# ##(## #
##...## #. ##.....##
#.. ##.......##
###...####.........#
.......@{{.........+
###...####.........#
#.S ##.......## #.
##.....## # ##...##
##+##


You could see an adder.

Vanquished Creatures
  Purgy (Sewer)
  A howler monkey (D:4)
  Crazy Yiuf (D:2)
  A bullfrog skeleton (D:2)
  An orc priest (D:3)
  Natasha (thrice) (D:3)
  A worker ant (D:4)
  A gnoll (D:1)
  3 adders
  2 river rats (D:3)
  An ooze (D:2)
  3 worms
  3 leopard geckos
  4 orcs (D:3)
  7 bats
  5 giant cockroaches
  9 goblins
  3 hobgoblins
  2 jackals (Sewer)
  A quokka (D:3)
  3 frilled lizards
  13 kobolds
  7 rats
76 creatures vanquished.

Notes
Turn   | Place    | Note
-------+----------+-------------------------------------------
     0 | D:1      | Kairos the Vine Stalker Fighter began the quest for the
                  | Orb.
     0 | D:1      | Reached XP level 1. HP: 11/11 MP: 2/2
    68 | D:1      | Reached XP level 2. HP: 11/16 MP: 3/3
   140 | D:1      | Reached skill level 2 in Maces & Flails
   248 | D:1      | Reached XP level 3. HP: 17/20 MP: 4/4
   672 | D:1      | Gained mutation: You are clumsy. (Dex -2) [potion of
                  | mutation]
   672 | D:1      | Gained mutation: You evolve. [potion of mutation]
  1030 | D:2      | Gained mutation: You have a pair of small horns on your
                  | head. [evolution]
  1074 | D:2      | Gained mutation: Your natural rate of healing is unusually
                  | fast. [Vine Stalker growth]
  1074 | D:2      | Reached XP level 4. HP: 24/24 MP: 5/5
  1613 | D:2      | Found a runed door.
  1756 | D:2      | Noticed Crazy Yiuf
  1764 | D:2      | Killed Crazy Yiuf
  1764 | D:2      | Reached skill level 3 in Maces & Flails
  1764 | D:2      | Reached XP level 5. HP: 18/28 MP: 1/6
  1774 | D:2      | Gained mutation: You are very clumsy. (Dex -4) [evolution]
  1881 | D:3      | Found a radiant altar of Vehumet.
  2006 | D:3      | Found a transporter.
  2014 | D:3      | Reached skill level 1 in Dodging
  2051 | D:3      | Found a sacrificial altar of Ru.
  2051 | D:3      | Found a sparkling altar of Nemelex Xobeh.
  2061 | D:3      | Found a transporter.
  2098 | D:3      | Found a glowing drain.
  2132 | Sewer    | Entered a sewer
  2198 | Sewer    | Noticed Purgy
  2211 | Sewer    | Killed Purgy
  2211 | Sewer    | Reached XP level 6. HP: 32/32 MP: 7/7
  2387 | D:3      | Noticed Natasha
  2403 | D:3      | Killed Natasha
  2403 | D:3      | Reached skill level 4 in Maces & Flails
  2579 | D:3      | Noticed Natasha
  2590 | D:3      | Killed Natasha
  2669 | D:3      | Noticed Natasha
  2674 | D:3      | Killed Natasha
  2715 | D:4      | Reached XP level 7. HP: 34/36 MP: 8/8
  2747 | D:4      | You fall through a shaft for 3 floors!
  2773 | D:7      | Slain by an unseen horror

Skill      XL: |  1  2  3  4  5  6 |
---------------+-------------------+-----
Maces & Flails | 2 3 4 |  4.3
Fighting       | 3 |  3.6
Shields        | 3 |  3.9
Dodging        | 1 |  1.3
Armour         | 3 |  3.4
Stealth        | |  0.4

Action                   |  1- 3 |  4- 6 |  7- 9 || total
-------------------------+-------+-------+-------++-------
Melee: Flail             |    82 |   166 |     8 ||   256
       Bite              |    19 |    29 |     1 ||    49
       Headbutt          |     2 |    27 |     2 ||    31
  Use: Scroll            |     2 |     5 |     1 ||     8
       Potion            |     1 |       |       ||     1
  Eat: Chunk             |       |     3 |       ||     3
       Ration            |       |     1 |       ||     1
Armor: Scale mail        |    36 |    75 |    14 ||   125
Dodge: Dodged            |    20 |    75 |       ||    95
Block: Shield            |    32 |   112 |     3 ||   147
